Map: Catalyst LE

Players

SpeCial

  • Race: Terran Terran
  • Spawn Location: 5:00

Semper - Winner!

  • Race: Terran Terran
  • League: Master
  • Spawn Location: 11:00

VOD

Have the link to the VOD?

Description

Time

  • Played on: Feb. 1, 2018, 8:05 p.m.
  • Length: 14:23
Show
View Real Time Build Order
Export as new Build Order

SpeCial Terran 

Build Orders: Mech 

Get SALT Encoding   

  12  0:00  SCV  
  13  0:13  SCV  
  14  0:18  Supply Depot  
  14  0:42  Barracks  
  14  0:43  Refinery  
  14  0:54  Barracks  
  14  0:58  SCV  
  15  1:10  SCV  
  16  1:22  SCV  
  17  1:29  Reaper  
  18  1:35  Orbital Command, Refinery  
  18  1:45  Reaper  
  19  1:49  Supply Depot  
  19  2:01  SCV  
  19  2:04  Reaper  
  21  2:13  SCV  
  22  2:20  Reaper  
  23  2:26  SCV  
  24  2:33  Factory  
  24  2:38  SCV  
  24  2:43  Reaper  
  26  2:50  SCV  
  27  2:53  Reaper  
  27  2:57  Supply Depot  
  28  3:02  SCV  
  29  3:14  SCV  
  29  3:16  Reaper  
  29  3:19  Cyclone  
  34  3:25  Supply Depot  
  34  3:26  SCV  
  35  3:38  SCV  
  36  3:47  Command Center  
  36  3:48  Supply Depot  
  36  3:54  Cyclone  
  39  3:56  SCV  
  40  4:09  SCV, Engineering Bay  
  39  4:21  SCV  
  40  4:27  Factory Reactor  
  40  4:33  SCV  
  39  4:40  Missile Turret  
  39  4:45  SCV  
  39  4:51  Missile Turret  
  40  4:56  Missile Turret  
  40  4:58  SCV  
  40  5:04  Cyclone x2  
  46  5:09  Orbital Command  
  46  5:10  SCV  
  47  5:22  SCV  
  47  5:34  SCV  
  47  5:35  SCV  
  49  5:36  Cyclone x2, Supply Depot  
  55  5:46  SCV  
  55  5:47  SCV  
  57  5:51  Command Center  
  57  5:56  Barracks Tech Lab  
  57  5:58  SCV  
  57  5:59  SCV  
  57  6:02  Refinery  
  58  6:11  SCV  
  56  6:13  SCV  
  57  6:23  SCV, Refinery  
  57  6:26  SCV, Factory  
  57  6:27  Factory  
  57  6:30  Refinery  
  57  6:32  Siege Tank  
  61  6:35  SCV  
  61  6:38  SCV  
  61  6:47  SCV  
  61  6:50  SCV, Armory  
  63  6:55  Barracks Reactor  
  63  6:59  SCV, Starport  
  64  7:02  SCV  
  64  7:04  Hellion  
  64  7:06  Orbital Command  
  67  7:11  SCV  
  67  7:13  Factory Tech Lab  
  67  7:14  SCV, Hellion  
  71  7:18  Hellion  
  73  7:25  Siege Tank  
  73  7:27  SCV x2  
  78  7:30  Supply Depot  
  78  7:33  Siege Tank  
  81  7:39  Terran Vehicle Weapons Level 1  
  81  7:43  Hellion x2  
  85  7:45  Liberator  
  85  7:46  SCV x2  
  85  7:47  Orbital Command  
  87  7:58  SCV x2  
  89  8:00  Siege Tank  
  89  8:05  Hellion x2  
  99  8:10  Supply Depot x2, SCV x2, Liberator  
  101  8:26  Supply Depot  
  101  8:28  SCV x3  
  107  8:37  Refinery  
  107  8:38  Refinery  
  107  8:39  Missile Turret  
  107  8:40  SCV x3  
  108  8:42  Hellion x2, Siege Tank x2  
  108  8:46  Supply Depot  
  108  8:48  Supply Depot  
  118  8:52  SCV x3  
  118  8:54  Viking  
  116  9:04  SCV x3  
  113  9:10  Viking  
  113  9:16  SCV x3  
  114  9:22  Hellion x2  
  114  9:23  Hellion  
  114  9:24  Factory  
  120  9:25  Factory  
  120  9:28  SCV x3  
  117  9:39  Thor  
  117  9:40  SCV  
  117  9:44  SCV  
  117  9:45  SCV  
  123  9:54  Viking x2  
  123  9:56  Cyclone x2  
  129  10:09  Cyclone x2  
  129  10:10  Supply Depot  
  129  10:11  SCV x2  
  129  10:12  Supply Depot, SCV  
  124  10:23  Viking  
  124  10:24  Viking  
  124  10:26  SCV x3  
  120  10:38  SCV x2, Hellion x2  
  120  10:39  Siege Tank  
  129  10:51  Supply Depot, SCV x2, Factory Tech Lab, Factory Reactor  
  129  10:52  Supply Depot  
  129  10:53  Viking x2  
  135  10:57  Siege Tank  
  135  10:58  SCV  
  135  10:59  Hellion  
  135  11:00  Hellion  
  135  11:01  Supply Depot  
  135  11:02  Supply Depot  
  142  11:11  Siege Tank x2  
  138  11:21  Hellion x2  
  138  11:29  Siege Tank  
  141  11:34  Hellion x2  
  141  11:37  Command Center  
  141  11:38  Viking  
  141  11:39  Supply Depot  
  146  11:40  Viking  
  146  11:42  Hellion x2  
  149  11:50  Infernal Pre-Igniter  
  149  11:53  Hellion x2  
  149  12:02  Siege Tank  
  149  12:08  Viking, Hellion  
  150  12:09  Hellion  
  150  12:10  Viking  
  150  12:13  Hellion  
  150  12:14  Siege Tank  
  133  12:21  SCV x2  
  108  12:27  Hellion, Siege Tank  
  95  12:36  SCV x2  
  95  12:37  SCV  
  82  12:38  Viking  
  82  12:40  Viking  
  81  12:48  SCV x2  
  81  12:50  Orbital Command  
  84  12:58  Hellion x2  
  88  13:02  Hellion  
  89  13:06  Siege Tank  
  92  13:13  Hellion  
  92  13:16  Hellion  
  89  13:21  Hellion  
  89  13:22  Hellion  
  86  13:27  SCV x3  
Show
View Real Time Build Order
Export as new Build Order

Semper Terran - Winner!

Build Orders: 1/1/1, Cyclone Opening, MMM Bio 

Get SALT Encoding   

  12  0:00  SCV  
  13  0:13  SCV  
  14  0:17  Supply Depot  
  14  0:25  SCV  
  14  0:27  Refinery  
  15  0:39  SCV  
  16  0:44  Barracks  
  16  0:51  SCV  
  17  0:57  Refinery  
  17  1:03  SCV  
  18  1:15  SCV  
  19  1:31  Reaper, Orbital Command  
  20  1:37  Factory  
  20  1:55  Supply Depot  
  20  1:56  SCV  
  21  2:03  Reaper  
  22  2:08  SCV  
  23  2:21  SCV  
  23  2:22  Hellion, Starport  
  25  2:33  SCV  
  25  2:36  Marine  
  26  2:45  SCV  
  26  2:49  Cyclone  
  30  2:58  Supply Depot  
  30  3:02  Starport Tech Lab  
  30  3:03  SCV  
  31  3:12  Barracks Reactor  
  32  3:20  SCV  
  32  3:24  Cyclone  
  35  3:32  SCV  
  35  3:37  Supply Depot, Cloaking Field  
  35  3:39  Banshee  
  38  3:52  SCV  
  39  3:58  Marine x2  
  39  4:00  Cyclone  
  44  4:13  SCV  
  44  4:15  Supply Depot  
  45  4:19  Marine x2  
  47  4:32  Command Center  
  47  4:34  SCV  
  47  4:37  Factory Tech Lab  
  47  4:45  Marine x2  
  49  4:49  Supply Depot  
  49  4:51  SCV  
  48  5:02  Siege Tank  
  48  5:03  Banshee  
  48  5:05  Marine  
  55  5:11  Marine  
  56  5:15  Supply Depot, SCV  
  57  5:28  SCV  
  57  5:35  Siege Tank  
  62  5:42  SCV  
  62  5:44  Orbital Command  
  62  5:51  Marine  
  62  5:52  Stimpack  
  62  5:55  SCV  
  64  6:09  SCV  
  65  6:14  Siege Tank  
  65  6:19  SCV, Command Center  
  65  6:20  Refinery  
  65  6:22  Refinery  
  66  6:29  SCV  
  66  6:30  Marine  
  66  6:31  Viking  
  66  6:32  Viking  
  69  6:37  SCV  
  70  6:41  SCV  
  71  6:48  Siege Tank, Marine  
  71  6:49  SCV  
  71  6:52  Engineering Bay  
  76  6:57  Barracks  
  76  7:00  SCV, Barracks  
  77  7:02  SCV  
  78  7:10  Viking  
  78  7:11  Viking  
  78  7:13  SCV  
  78  7:15  SCV  
  84  7:20  Terran Infantry Weapons Level 1  
  84  7:21  Marine  
  85  7:25  SCV  
  86  7:30  SCV  
  86  7:31  Orbital Command  
  86  7:32  Supply Depot  
  86  7:36  Siege Tank  
  90  7:39  SCV  
  91  7:46  Viking x2  
  91  7:47  Barracks Reactor, Barracks Tech Lab  
  91  7:50  SCV  
  96  7:54  SCV  
  97  8:04  Liberator  
  98  8:08  Siege Tank  
  98  8:09  Concussive Shells, Marauder x2, Combat Shields  
  105  8:13  Orbital Command  
  105  8:14  SCV x2  
  106  8:22  Liberator  
  106  8:23  Barracks  
  106  8:24  Barracks  
  109  8:35  Supply Depot x2, SCV x2  
  109  8:36  Supply Depot  
  113  8:46  Marine, Marauder  
  115  8:52  Marauder  
  117  8:56  SCV, Marine  
  109  9:03  Marine  
  109  9:04  SCV  
  109  9:05  SCV  
  109  9:08  Marauder  
  112  9:12  Marine  
  112  9:15  SCV  
  112  9:17  SCV  
  115  9:18  Siege Tank  
  115  9:20  SCV  
  115  9:22  Terran Infantry Armor Level 1  
  115  9:23  Barracks Reactor, Barracks Tech Lab  
  119  9:24  Medivac  
  119  9:27  SCV  
  119  9:31  Marine x2, Marauder  
  125  9:33  SCV  
  125  9:34  Marauder  
  126  9:45  SCV  
  126  9:49  SCV, Marine x2  
  126  9:52  Marine, Liberator x2  
  127  9:55  Marine  
  127  9:58  SCV x2  
  130  10:06  Marine  
  125  10:10  Marine, Marauder  
  125  10:13  Marauder  
  131  10:17  SCV  
  130  10:24  SCV  
  130  10:25  Marine  
  132  10:32  Marauder  
  134  10:38  Marauder  
  134  10:41  SCV  
  137  10:51  SCV  
  137  10:56  SCV x2  
  137  10:57  Marine  
  140  11:02  Marine  
  140  11:03  Marauder  
  141  11:15  Medivac x2  
  140  11:23  Marine  
  140  11:24  Marine, Marauder  
  139  11:26  Siege Tank  
  139  11:33  Marine  
  139  11:35  Refinery  
  139  11:36  SCV, Command Center, Refinery  
  141  11:40  SCV  
  141  11:41  Marine  
  141  11:42  Marine  
  141  11:45  Marine  
  145  11:51  Marine  
  145  11:52  Supply Depot, SCV x2  
  143  11:57  SCV  
  143  11:59  Marine x2  
  141  12:03  Marine  
  141  12:08  Siege Tank  
  141  12:09  Marine  
  130  12:17  Marine x2  
  130  12:18  SCV  
  130  12:21  Marauder  
  113  12:24  Marine x3  
  113  12:26  Marine  
  113  12:27  SCV, Medivac  
  114  12:32  SCV x2  
  114  12:34  Medivac  
  114  12:35  Marine x2  
  111  12:38  Factory  
  111  12:39  SCV  
  111  12:42  Marine x4, Armory  
  109  12:44  Marine  
  109  12:52  Marine  
  109  12:53  Marine  
  109  12:55  Siege Tank  
  109  12:57  Medivac  
  116  12:59  SCV x2, Marine  
  116  13:00  Marine x2, Marauder  
  116  13:05  Marauder  
  125  13:10  Marine  
  126  13:17  Marine  
  114  13:27  Siege Tank, Marine x3  
  114  13:28  Marine, Marauder  
  114  13:29  Marauder  
  114  13:30  Factory Tech Lab  
  114  13:32  Medivac  
Tags
 
Composition
MMM BioMech
League
Master
Matchup
TvT
Race
Terran
Spawn Locations
Cross Positions
Add a new tag
Caveats
  • Supply blocks, unpowered buildings, or Contaminate may cause inaccurate times.
  • Supply counts are checked every 10 seconds.